 Dungeon Crawl Stone Soup version 0.30-a0-23-ge60ba3568b (webtiles) character file.

Game seed: 10582670775844170446

37 xian the Trooper (level 3, -2/34 HPs)
             Began as a Naga Fighter on Aug 26, 2022.
             Killed from afar by Natasha (7 damage)
             ... with a magic dart
             ... on level 2 of the Dungeon.
             The game lasted 00:04:02 (1309 turns).

xian the Trooper (Naga Fighter)                     Turns: 1309, Time: 00:04:03

Health: -2/34      AC:  4    Str: 20    XL:     3   Next: 39%
Magic:  3/3        EV:  8    Int:  8    God:
Gold:   49         SH:  4    Dex: 10    Spells: 2/2 levels left

rFire   . . .      SeeInvis +    a - +0 trident
rCold   . . .      Faith    .    c - +0 buckler
rNeg    . . .      Spirit   .    e - +0 ring mail
rPois   +          Reflect  .    (no helmet)
rElec   .          Harm     .    (no cloak)
rCorr   .          Rampage  .    (no gloves)
Will    .....                    (no barding)
Stlth   +.........               (no amulet)
HPRegen 0.11/turn                (no ring)
MPRegen 0.08/turn                (no ring)

@: slowed, very slow
A: AC +1, large, see invisible, deformed body, poison resistance, slowness 2,
spit poison 1, naga tail 1
a: Spit Poison


You were on level 2 of the Dungeon.
You visited 1 branch of the dungeon, and saw 2 of its levels.

You collected 49 gold pieces.

Inventory:

Hand Weapons
 a - a +0 trident (weapon)
Missiles
 k - 4 atropa-tipped darts
Armour
 c - a +0 buckler (worn)
 e - a +0 ring mail (worn)
Scrolls
 b - a scroll of fog {unknown}
 i - a scroll of identify {unknown}
 j - a scroll of fear {unknown}
Potions
 d - a potion of might
 f - 2 potions of lignification {unknown}
 g - 2 potions of mutation {unknown}
 h - a potion of invisibility {unknown}
 l - a potion of curing {unknown}


   Skills:
 + Level 3.1 Fighting
 + Level 2.0 Polearms
 + Level 2.8 Armour
 + Level 0.8 Dodging
 + Level 0.6 Stealth
 + Level 3.1 Shields


You had 2 spell levels left.
You didn't know any spells.
Your spell library was empty.

Dungeon Overview and Level Annotations

Branches:
Dungeon (2/15)

Altars:

Annotations:
D:2 Natasha


Innate Abilities, Weirdness & Mutations

Your serpentine skin is tough. (AC +1)
You have supernaturally acute eyesight. (SInv)
Armour fits poorly on your strangely shaped body.
Your system is resistant to poisons. (rPois)
You cover ground very slowly.
You can spit poison.
You have a snake-like lower body.


Message History

Unknown command.
You drop a +0 chain mail.
You have got your breath back.
Found 6 stones.
Found a dagger.
You see here 6 stones.
You see here a +0 dagger.
You now have 49 gold pieces (gained 11).
A kobold comes into view. It is wielding a +0 short sword.
The kobold shouts!
The kobold throws a stone.
You block the stone.
A ball python comes into view.
The kobold throws a stone.
The stone closely misses you.
There are monsters nearby!
The splash of poison hits the kobold.
You kill the kobold!
You puncture the ball python!
You kill the ball python!
Natasha, Servant of Life and Death comes into view.
Found a glowing orb.
You have got your breath back.
Natasha hisses angrily.
Natasha casts a spell at you. The magic dart hits you.
Natasha stares at you and mumbles some strange words.
You feel yourself slow down. Natasha claws you.
Things that are here:
a +0 short sword; 2 stones; a kobold corpse You closely miss Natasha.
Natasha casts a spell at you. The magic dart hits you. Natasha claws you.
You barely miss Natasha. Natasha claws you!
* * * LOW HITPOINT WARNING * * *
Natasha barely misses you.
You barely miss Natasha. Natasha claws you.
* * * LOW HITPOINT WARNING * * *
Natasha stares at you and mumbles some strange words.
The magic dart hits you!
You die...

#####.#######
............#
####...####.######
# #.....# #..()..#
# ##...## ######.#
# ##.## #.# # #.#
#.# # #.# #.# #+#
#@# #.h.# #.....#
#^....... #
##......## +
[....#.# #
##...#..# #.......


You could see Natasha.

Vanquished Creatures
  A dart slug (D:1)
  6 ball pythons
  3 giant cockroaches
  A goblin (D:1)
  4 hobgoblins
  A jackal (D:1)
  2 quokkas (D:1)
  6 bats
  A frilled lizard (D:2)
  6 kobolds
  A rat (D:1)
32 creatures vanquished.

Notes
Turn   | Place    | Note
-------+----------+-------------------------------------------
     0 | D:1      | xian the Naga Fighter began the quest for the Orb.
     0 | D:1      | Reached XP level 1. HP: 21/21 MP: 1/1
     6 | D:1      | Noticed an anaconda
     6 | D:1      | Noticed a black bear
     7 | D:1      | Noticed a redback
   396 | D:1      | Reached XP level 2. HP: 28/28 MP: 2/2
   906 | D:1      | Reached XP level 3. HP: 34/34 MP: 3/3
  1303 | D:2      | Noticed Natasha
  1309 | D:2      | Killed from afar by Natasha

Illustrated notes

Levels and vault maps discovered:
D:1:      onia_arrival_zoo_common, layout_loops_cross, minivault_23,
          minmay_indecisive_spiral
D:2:      layout_loops_corners, uniq_natasha, uniq_crazy_yiuf_cottage

Skill      XL: |  1  2 |
---------------+-------+-----
Shields        | 3 |  3.1
Fighting       | |  3.1
Polearms       | |  2.0
Armour         | |  2.8
Dodging        | |  0.8
Stealth        | |  0.6

Action                   || total
-------------------------++-------
Melee: Trident           ||    70
 Abil: Spit Poison       ||    21
Armor: Ring mail         ||    50
Dodge: Dodged            ||    51
Block: Buckler           ||    23

Table legend: (Time is in decaauts)
 A = Elapsed time spent in this place.
 B = Non-inter-level travel time spent in this place.
 C = Inter-level travel time spent in this place.
 D = Time resting spent in this place.
 E = Time spent auto-exploring this place.
 F = Levels seen in this place.
 G = Mean time per level.
                   A        B        C        D        E       F      G
               +--------+--------+--------+--------+--------+-----+--------+
         Total |   1631 |   1557 |     74 |      0 |   1209 |   2 |  815.5 |
       Dungeon |   1631 |   1557 |     74 |      0 |   1209 |   2 |  815.5 |
               +--------+--------+--------+--------+--------+-----+--------+

Top non-repeatable levels by time:
     D:1: 1427 daAuts
     D:2: 204 daAuts
